 Dungeon Crawl Stone Soup version 0.27-a0-1196-g3e9cee4cb2 (webtiles) character file.

Game seed: 11566876598999594631

74 polve the Shield-Bearer (level 4, -6/23 HPs)
             Began as a Vine Stalker Fighter on May 28, 2021.
             Splashed by Ijyb's acid (7 damage)
             ... on level 3 of the Dungeon.
             The game lasted 00:01:30 (2438 turns).

polve the Shield-Bearer (Vine Stalker Fighter)      Turns: 2438, Time: 00:01:31

Health: -6/23      AC:  7    Str: 19    XL:     4   Next: 30%
Magic:  0/5        EV:  7    Int:  8    God:
Gold:   105        SH:  9    Dex: 14    Spells: 3/3 levels left

rFire    . . .     SeeInvis .   a - +0 long sword
rCold    . . .     Faith    .   c - +0 kite shield
rNeg     . . .     Spirit   +   b - +0 scale mail
rPois    .         Reflect  .   (no helmet)
rElec    .         Harm     .   (no cloak)
rCorr    +         Rampage  .   k - +0 pair of gloves
Will     .....                  (no boots)
Stlth    ..........             (no amulet)
HPRegen  1.07/turn              m - ring of resist corrosion
MPRegen  0.09/turn              (no ring)

@: no status effects
A: fangs 2, regeneration 1, magic shield, antimagic bite, no potion heal 2
a: no special abilities


You were on level 3 of the Dungeon.
You visited 1 branch of the dungeon, and saw 3 of its levels.

You collected 105 gold pieces.

Inventory:

Hand Weapons
 a - a +0 long sword (weapon)
Armour
 b - a +0 scale mail (worn)
 c - a +0 kite shield (worn)
 k - a +0 pair of gloves (worn)
Jewellery
 m - a ring of resist corrosion (left hand)
Scrolls
 g - a scroll of enchant armour {unknown}
 j - 2 scrolls of fear {unknown}
 l - a scroll of identify {unknown}
 o - a scroll of immolation {unknown}
Potions
 d - a potion of might
 e - a potion of berserk rage {unknown}
 f - a potion of invisibility {unknown}
 h - 3 potions of curing
 i - a potion of lignification {unknown}
 n - a potion of attraction {unknown}


   Skills:
 - Level 2.6 Fighting
 + Level 3.1 Long Blades
 - Level 2.4 Armour
 + Level 3.7 Shields


You had 3 spell levels left.
You didn't know any spells.
Your spell library contained the following spells:

 Spells                   Type           Power      Damage    Failure   Level
 Beastly Appendage        Tmut           0%         N/A       99%         1
 Corona                   Hex            0%         N/A       99%         1
 Ensorcelled Hibernation  Hex/Ice        0%         N/A       100%        2
 Wereblood                Tmut           0%         N/A       100%        2
 Confusing Touch          Hex            0%         N/A       100%        3
 Dazzling Flash           Conj/Hex       0%         N/A       100%        3
 Spider Form              Tmut/Pois      0%         N/A       100%        3
 Tukima's Dance           Hex            0%         N/A       100%        3
 Ice Form                 Ice/Tmut       0%         N/A       100%        4
 Hydra Form               Tmut           0%         N/A       100%        5


Dungeon Overview and Level Annotations

Branches:
Dungeon (3/15)

Altars:

Shops:
D:1 *

Annotations:
D:3 Ijyb


Innate Abilities, Weirdness & Mutations

You have extremely sharp teeth.
Your natural rate of healing is unusually fast.
When hurt, damage is shared between your health and your magic reserves.
Your bite disrupts and absorbs the magic of your enemies.
Potions cannot restore your health.


Message History

The endoplasm barely misses you. x2; You riposte.
You hit the endoplasm.
You kill the endoplasm!
Found a stone staircase leading down.
Ijyb the Twisted Goblin comes into view.
She is wielding a +0 dagger and carrying a wand of acid (13).
Ijyb is nearby!
Ijyb is nearby!
You hit Ijyb. Your bite misses Ijyb.
Ijyb is moderately wounded.
Ijyb hits you but does no damage.
You hit Ijyb. You bite Ijyb, but do no damage.
Ijyb is heavily wounded.
Ijyb hits you but does no damage.
Ijyb drinks a potion.
Ijyb is healed!
You closely miss Ijyb. Your bite misses Ijyb.
Ijyb is moderately wounded.
You block Ijyb's attack.
Your shield and scale mail prevent you from hitting Ijyb.
Ijyb is moderately wounded.
Ijyb hits you with a +0 dagger. You block Ijyb's attack.
You closely miss Ijyb.
Ijyb is moderately wounded.
Ijyb hits you with a +0 dagger.
You hit Ijyb. Your bite misses Ijyb.
Ijyb is moderately wounded.
Ijyb hits you but does no damage.
Ijyb zaps a wand.
The bolt of acid hits you. You resist.
You are splashed with acid!
You resist.
You closely miss Ijyb. Your bite misses Ijyb.
Ijyb is moderately wounded.
Ijyb barely misses you.
You hit Ijyb.
Ijyb is moderately wounded.
Ijyb zaps a wand.
The bolt of acid hits you! You resist.
You are splashed with acid.
You resist.
* * * LOW HITPOINT WARNING * * *
You barely miss Ijyb.
Ijyb is moderately wounded.
You block Ijyb's attack.
Ijyb zaps a wand.
The bolt of acid hits you! You resist.
* * * LOW HITPOINT WARNING * * *
You are splashed with acid!
You resist.
You die...

#########.#...###.
#.................
#.#.......#...####
#.#.#######...####
#.#.#### #.......
#......# ###.....
#.####.# #.....
#.# # #..... #@#
#..... #..?g....#
#..... #.#.######
#...<. #.#.#
#..... # #.#
###..... #>.
........ ###
########


You could see Ijyb.

Vanquished Creatures
  3 adders (D:2)
  2 dart slugs
  A ball python (D:1)
  4 bats
  3 endoplasms
  5 goblins
  6 hobgoblins
  3 quokkas
  3 frilled lizards
  4 kobolds
  6 rats
40 creatures vanquished.

Notes
Turn   | Place    | Note
-------+----------+-------------------------------------------
     0 | D:1      | polve the Vine Stalker Fighter began the quest for the Orb.
     0 | D:1      | Reached XP level 1. HP: 11/11 MP: 2/2
    74 | D:1      | Reached XP level 2. HP: 9/16 MP: 3/3
   525 | D:1      | Found Quxi Moj's Assorted Antiques.
   759 | D:1      | Reached XP level 3. HP: 19/19 MP: 4/4
   906 | D:1      | Found a faded altar of an unknown god.
  1805 | D:2      | Gained mutation: Your natural rate of healing is unusually
                  | fast. [Vine Stalker growth]
  1805 | D:2      | Reached XP level 4. HP: 14/23 MP: 3/5
  2429 | D:3      | Noticed Ijyb
  2438 | D:3      | HP: 1/23 [Ijyb/bolt of acid (6)]
  2438 | D:3      | Splashed by Ijyb's acid

Illustrated notes

Levels and vault maps discovered:
D:1:      minmay_arrival_stone_box, layout_rooms, serial_shops, shop,
          shapermc_ecumenical_altar_starsandcircs
D:2:      layout_basic
D:3:      layout_basic, nicolae_qazlal_style_of_elements, uniq_ijyb,
          uniq_jessica

Skill      XL: |  1  2  3  4 |
---------------+-------------+-----
Long Blades    | 2 3 |  3.1
Shields        | 3 |  3.7
Fighting       | |  2.6
Armour         | |  2.4

Action                   |  1- 3 |  4- 6 || total
-------------------------+-------+-------++-------
Melee: Long sword        |    89 |    17 ||   106
       Bite              |    23 |     2 ||    25
Armor: Scale mail        |    37 |     4 ||    41
Dodge: Dodged            |    27 |     4 ||    31
Block: Kite shield       |    55 |     6 ||    61
       Rpst.: Long sword |     6 |     1 ||     7

Table legend: (Time is in decaauts)
 A = Elapsed time spent in this place.
 B = Non-inter-level travel time spent in this place.
 C = Inter-level travel time spent in this place.
 D = Time resting spent in this place.
 E = Time spent auto-exploring this place.
 F = Levels seen in this place.
 G = Mean time per level.
                   A        B        C        D        E       F      G
               +--------+--------+--------+--------+--------+-----+--------+
         Total |   2492 |   2436 |     56 |      0 |   2148 |   3 |  830.7 |
       Dungeon |   2492 |   2436 |     56 |      0 |   2148 |   3 |  830.7 |
               +--------+--------+--------+--------+--------+-----+--------+

Top non-repeatable levels by time:
     D:2: 1117 daAuts
     D:1: 1067 daAuts
     D:3: 307 daAuts
